 Dungeon Crawl Stone Soup version 0.18-a0-1702-gd20c6a5 (webtiles) character file.

25 Duffy the Shield-Bearer (level 3, -1/27 HPs)
             Began as a Formicid Wanderer on Apr 6, 2016.
             Slain by a goblin (4 damage)
             ... on level 1 of the Dungeon.
             The game lasted 00:01:29 (967 turns).

Duffy the Shield-Bearer (Formicid Wanderer)          Turns: 967, Time: 00:01:30

Health: -1/27      AC:  0    Str: 17    XL:     3   Next: 17%
Magic:  6/6        EV:  9    Int: 11    God:
Gold:   15         SH:  8    Dex: 10    Spells: 0 memorised, 6 levels left

rFire  . . .     SeeInvis +     b - +0 hand axe
rCold  . . .     Gourm    .     d - +0 robe
rNeg   . . .     Faith    .     a - +0 shield
rPois  .         Spirit   .     (helmet unavailable)
rElec  .         Dismiss  .     (no cloak)
rCorr  .         Reflect  .     (no gloves)
SustAt .         Harm     .     (no boots)
MR     .....                    (no amulet)
Stlth  +.........               (no ring)
                                k - -2 ring of protection (curse)

@: not resistant to hostile enchantments, very unstealthy
A: permanent stasis, dig shafts and tunnels, four strong arms, antennae 3
a: Dig, Shaft Self


You were on level 1 of the Dungeon.
You were not hungry.

You visited 1 branch of the dungeon, and saw 1 of its levels.

You collected 15 gold pieces.


Innate Abilities, Weirdness & Mutations

You are under a permanent stasis effect.
You can dig through walls and to a lower floor.
Your four strong arms can wield two-handed weapons with a shield.
You have a pair of large antennae on your head (SInv).


   Skills:
 - Level 2.1 Fighting
 + Level 2.0 Axes
 + Level 2.6 Shields
 - Level 2.1 Spellcasting
   Level 2.0 Fire Magic
   Level 1.2 Earth Magic
   Level 1.1 Evocations


You had 6 spell levels left.
You didn't know any spells.

Inventory:

Hand Weapons
 b - a +0 hand axe (weapon)
Missiles
 j - 20 poisoned needles
Armour
 a - a +0 shield (worn)
 d - a +0 robe (worn)
Jewellery
 k - a cursed -2 ring of protection (left hand)
Scrolls
 g - a scroll of recharging {unknown}
 h - a scroll of amnesia {unknown}
 i - a scroll of remove curse {unknown}
 l - a scroll of immolation {unknown}
Potions
 c - a potion of curing
 e - 2 potions of lignification {unknown}
Comestibles
 f - 2 bread rations

Dungeon Overview and Level Annotations

Branches:
Dungeon (1/15)

Altars:


Message History

The bat hits you. The bat closely misses you.
You hit the bat but do no damage.
The bat is moderately wounded.
The bat hits you. x3
You barely miss the bat.
The bat is moderately wounded.
The bat hits you. x2
You barely miss the bat.
The bat is moderately wounded.
The bat hits you.
You closely miss the bat.
The bat is moderately wounded.
The bat barely misses you. The bat hits you.
You miss the bat.
The bat is moderately wounded.
You block the bat's attack. x2
You hit the bat.
The bat is severely wounded.
The bat hits you. The bat closely misses you. The bat barely misses you.
You hit the bat but do no damage.
The bat is severely wounded.
You block the bat's attack. The bat hits you. The bat barely misses you.
You hit the bat.
You kill the bat!
You closely miss the goblin. You block the goblin's attack.
The goblin hits you.
You closely miss the goblin. You block the goblin's attack.
You slash the goblin!
You kill the goblin!
You barely miss the goblin. The goblin barely misses you.
You block the goblin's attack.
You closely miss the goblin. The goblin closely misses you.
You closely miss the goblin. You block the goblin's attack.
You barely miss the goblin. The goblin hits you.
You die...

#.##........%.777
#.....########777
####..#.).......#
#..#.#######.#
#..#...# #.#
#####......#####.#
#................%
#.#####...#...#..# #@#
#.....#..... #g#
#>....###### #r#
#.....#.....
#.#####.#..##.....
#.#.....#..#...0..
#####....####...#)000.
#.....%...###...#..0..
#.##..%...?######.....
#..............> .....


You could see a goblin and a rat.

Action                   || total
-------------------------++-------
Melee: Hand axe          ||    99
 Abil: Dig               ||     1
 Stab: Sleeping          ||     1

Notes
Turn   | Place    | Note
--------------------------------------------------------------
     0 | D:1      | Duffy the Formicid Wanderer began the quest for the Orb.
     0 | D:1      | Duffy set off with: a +0 shield, a +0 hand axe, a potion of curing, a +0 robe, a bread ration
     0 | D:1      | Reached XP level 1. HP: 16/16 MP: 3/3
   296 | D:1      | Reached XP level 2. HP: 15/22 MP: 5/5
   476 | D:1      | Reached skill level 2 in Shields
   888 | D:1      | Reached XP level 3. HP: 24/27 MP: 6/6
   939 | D:1      | Reached skill level 2 in Axes
   967 | D:1      | Slain by a goblin

Vault maps used:
D:1:      saegor_arrival_simple_b, dk_noncrumbling_3, monster_avoids_cloud

Vanquished Creatures
  4 bats
  2 giant cockroaches
  5 goblins
  3 hobgoblins
  A giant newt
  3 kobolds
  3 rats
21 creatures vanquished.
